| TOP OF THE 1ST |
|
Philadelphia Phillies batting - Pitching for Chicago Cubs : RHP Brandon Woodruff
|
|
Pitching: RHP Brandon Woodruff
|
|
|
Batting: LHB Jung Hoo Lee
|
0-0: Ball 1-0: Fly out, F5 (Popup, 5L, EV 62.5 MPH)
|
|
Batting: RHB Sam Huff
|
0-0: Ball 1-0: Swinging Strike 1-1: Called Strike 1-2: Strikes out looking
|
|
Batting: RHB Austin Riley
|
0-0: Ball 1-0: Called Strike 1-1: Called Strike 1-2: Ball 2-2: Ball 3-2: Base on Balls
|
|
Batting: RHB Christopher Morel
|
0-0: Ball 1-0: Ball 2-0: Foul Ball, location: 2F 2-1: Ball 3-1: Called Strike 3-2: Strikes out looking
|
| Top of the 1st over - 0 runs, 0 hits, 0 errors, 1 left on base; Philadelphia 0 - Chicago 0 |
| BOTTOM OF THE 1ST |
|
Chicago Cubs batting - Pitching for Philadelphia Phillies : LHP Blake Snell
|
|
Pitching: LHP Blake Snell
|
|
|
Batting: LHB Jack Suwinski
|
0-0: Ball 1-0: Swinging Strike 1-1: Ball 2-1: Swinging Strike 2-2: Ball 3-2: Strikes out swinging
|
|
Batting: RHB Gleyber Torres
|
0-0: DOUBLE (Flyball, 8LXD, EV 96.9 MPH)
|
|
Batting: SHB Wander [UNRATED] Franco
|
0-0: DOUBLE (Groundball, 5L, EV 105.0 MPH) Gleyber Torres scores
|
|
Batting: RHB Julio Rodriguez
|
0-0: Ball 1-0: Called Strike 1-1: Called Strike 1-2: Strikes out swinging
|
|
Batting: SHB Ian Happ
|
0-0: Called Strike 0-1: Foul Ball, location: 2F 0-2: Ball 1-2: SINGLE (Line Drive, 8LS, EV 91.3 MPH) Wander [UNRATED] Franco to third Runner from 3rd tries for Home, SAFE, throw by CF to home
|
|
Batting: RHB Dansby Swanson
|
0-0: Ball 1-0: Fly out, F7 (Flyball, 78D, EV 104.4 MPH)
|
| Bottom of the 1st over - 2 runs, 3 hits, 0 errors, 1 left on base; Philadelphia 0 - Chicago 2 |
| TOP OF THE 2ND |
|
Philadelphia Phillies batting - Pitching for Chicago Cubs : RHP Brandon Woodruff
|
|
Batting: SHB Josh Bell
|
0-0: Called Strike 0-1: Ball 1-1: SINGLE (Line Drive, 78M, EV 105.0 MPH)
|
|
Batting: RHB William Contreras
|
0-0: Called Strike 0-1: Swinging Strike 0-2: Foul Ball, location: 5FF 0-2: Ball 1-2: Foul Ball, location: 7LSFF 1-2: Ball 2-2: Strikes out swinging
|
|
Batting: RHB George Springer
|
0-0: Fielders Choice at 2nd, 2-4 (Groundball, 2L, EV 68.1 MPH)
|
|
Batting: LHB Blake Sabol
|
0-0: Called Strike 0-1: Called Strike 0-2: Ball 1-2: Strikes out swinging
|
| Top of the 2nd over - 0 runs, 1 hit, 0 errors, 1 left on base; Philadelphia 0 - Chicago 2 |
| BOTTOM OF THE 2ND |
|
Chicago Cubs batting - Pitching for Philadelphia Phillies : LHP Blake Snell
|
|
Batting: RHB Emmanuel Rivera
|
0-0: Ball 1-0: Ball 2-0: Called Strike 2-1: Foul Ball, location: 9LSF 2-2: Foul Ball, location: 7LDF 2-2: Foul Ball, location: 2F 2-2: Foul Ball, location: 2F 2-2: Foul Ball, location: 7LSFF 2-2: Foul Ball, location: 2F 2-2: Ball 3-2: Strikes out swinging
|
|
Batting: RHB Jorge Mateo
|
0-0: Ground out 5-3 (Groundball, 56, EV 105.0 MPH)
|
|
Batting: RHB Austin Hedges
|
0-0: Fly out, F8 (Line Drive, 8LS, EV 88.1 MPH)
|
| Bottom of the 2nd over - 0 runs, 0 hits, 0 errors, 0 left on base; Philadelphia 0 - Chicago 2 |
| TOP OF THE 3RD |
|
Philadelphia Phillies batting - Pitching for Chicago Cubs : RHP Brandon Woodruff
|
|
Batting: RHB José Barrero
|
0-0: Called Strike 0-1: Swinging Strike 0-2: Foul Ball, location: 9LDF 0-2: Ball 1-2: Strikes out looking
|
|
Batting: LHB Jung Hoo Lee
|
0-0: Ground out U3 (Groundball, 3, EV 86.9 MPH)
|
|
Batting: RHB Sam Huff
|
0-0: Called Strike 0-1: Swinging Strike 0-2: Ball 1-2: Ball 2-2: Strikes out looking
|
| Top of the 3rd over - 0 runs, 0 hits, 0 errors, 0 left on base; Philadelphia 0 - Chicago 2 |
| BOTTOM OF THE 3RD |
|
Chicago Cubs batting - Pitching for Philadelphia Phillies : LHP Blake Snell
|
|
Batting: LHB Jack Suwinski
|
0-0: Foul Ball, location: 5F 0-1: Called Strike 0-2: Foul Ball, location: 2F 0-2: Foul Ball, location: 7LMF 0-2: SOLO HOME RUN (Flyball, 7D, EV 96.9 MPH), Distance : 339 ft
|
|
Batting: RHB Gleyber Torres
|
0-0: Ball 1-0: Reached on error, E4 (Groundball, 34, EV 90.6 MPH)
|
|
Batting: SHB Wander [UNRATED] Franco
|
0-0: Ball 1-0: Fielders Choice at 2nd, 6-4 (Groundball, 6, EV 80.6 MPH)
|
|
Batting: RHB Julio Rodriguez
|
0-0: Foul Ball, location: 25FF 0-1: Ball 1-1: Ball 2-1: Fly out, F7 (Flyball, 78M, EV 85.6 MPH)
|
|
Pitching: RHP Keynan Middleton
|
|
|
Batting: SHB Ian Happ
|
0-0: Called Strike 0-1: 2-RUN HOME RUN (Flyball, 9LD, EV 96.3 MPH), Distance : 373 ft
|
|
Batting: RHB Dansby Swanson
|
0-0: Called Strike 0-1: Ground out 5-3 (Groundball, 56, EV 85.0 MPH)
|
| Bottom of the 3rd over - 3 runs, 2 hits, 1 error, 0 left on base; Philadelphia 0 - Chicago 5 |
| TOP OF THE 4TH |
|
Philadelphia Phillies batting - Pitching for Chicago Cubs : RHP Brandon Woodruff
|
|
Pitching: RHP Drew Smith
|
|
|
Batting: RHB Austin Riley
|
0-0: Swinging Strike 0-1: Ball 1-1: Ball 2-1: Called Strike 2-2: Foul Ball, location: 2F 2-2: Strikes out swinging
|
|
Batting: RHB Christopher Morel
|
0-0: Ball 1-0: DOUBLE (Line Drive, 89D, EV 91.9 MPH) - OUT at third base trying to stretch hit.
|
|
Batting: SHB Josh Bell
|
0-0: Foul Ball, location: 7LSF 0-1: Swinging Strike 0-2: Fly out, F7 (Line Drive, 7, EV 95.0 MPH)
|
| Top of the 4th over - 0 runs, 1 hit, 0 errors, 0 left on base; Philadelphia 0 - Chicago 5 |
| BOTTOM OF THE 4TH |
|
Chicago Cubs batting - Pitching for Philadelphia Phillies : RHP Keynan Middleton
|
|
Pitching: RHP Freddy Tarnok
|
|
|
Batting: RHB Emmanuel Rivera
|
0-0: Ball 1-0: Ball 2-0: Ball 3-0: Called Strike 3-1: SINGLE (Groundball, 6D, EV 106.3 MPH)
|
|
Batting: RHB Jorge Mateo
|
0-0: SINGLE (Line Drive, 9S, EV 93.8 MPH) Emmanuel Rivera to second
|
|
Batting: RHB Austin Hedges
|
0-0: Ball 1-0: Called Strike 1-1: Ball 2-1: Grounds into double play, 5-4-3 (Groundball, 56S, EV 88.1 MPH) Emmanuel Rivera to third
|
|
Batting: LHB Jack Suwinski
|
0-0: Foul Ball, location: 2F 0-1: Foul Ball, location: 7LDF 0-2: Strikes out looking
|
| Bottom of the 4th over - 0 runs, 2 hits, 0 errors, 1 left on base; Philadelphia 0 - Chicago 5 |
| TOP OF THE 5TH |
|
Philadelphia Phillies batting - Pitching for Chicago Cubs : RHP Drew Smith
|
|
Pitching: LHP Brooks Raley
|
|
|
Now at C: Brian Serven
|
|
|
Now at 2B: Gleyber Torres
|
|
|
Now at 3B: Emmanuel Rivera
|
|
|
Now at SS: Danny Mendick
|
|
|
Now in LF: Conner Capel
|
|
|
Now in CF: Dylan Moore
|
|
|
Now in RF: Jack Suwinski
|
|
|
Batting: RHB William Contreras
|
0-0: Ball 1-0: Ball 2-0: Called Strike 2-1: Ball 3-1: Called Strike 3-2: Strikes out looking
|
|
Batting: RHB George Springer
|
0-0: Called Strike 0-1: Ground out 6-3 (Groundball, 56, EV 101.3 MPH)
|
|
Batting: LHB Blake Sabol
|
0-0: Ball 1-0: Called Strike 1-1: Ball 2-1: Reached on error, E4 (Groundball, 34, EV 86.3 MPH)
|
|
Batting: RHB José Barrero
|
0-0: Ball 1-0: SINGLE (Groundball, 4MD, EV 102.5 MPH) Blake Sabol to second Runner from 2nd tries for 3rd, SAFE, throw by CF made to third José Barrero to second
|
|
Batting: LHB Jung Hoo Lee
|
0-0: Ball 1-0: Ball 2-0: Called Strike 2-1: Foul Ball, location: 9LSFF 2-2: Ground out 4-3 (Groundball, 4, EV 88.8 MPH)
|
| Top of the 5th over - 0 runs, 1 hit, 1 error, 2 left on base; Philadelphia 0 - Chicago 5 |
| BOTTOM OF THE 5TH |
|
Chicago Cubs batting - Pitching for Philadelphia Phillies : RHP Freddy Tarnok
|
|
Pitching: RHP Josh Winckowski
|
|
|
Now at SS: Tyler Fitzgerald
|
|
|
Now in LF: Brandon Drury
|
|
|
Pinch Hitting: RHB Francisco Urbaez
|
0-0: Called Strike 0-1: Swinging Strike 0-2: Ball 1-2: Ball 2-2: DOUBLE (Flyball, 89D, EV 111.9 MPH)
|
|
Batting: RHB Ty France
|
0-0: Swinging Strike 0-1: Ball 1-1: Swinging Strike 1-2: Ball 2-2: Strikes out swinging
|
|
Batting: RHB Dylan Moore
|
0-0: Called Strike 0-1: Called Strike 0-2: Foul Ball, location: 3F 0-2: Strikes out swinging
|
|
Batting: SHB Ian Happ
|
0-0: Ball 1-0: SINGLE (Groundball, 4MD, EV 106.9 MPH) Francisco Urbaez to third Runner from 3rd tries for Home, SAFE, throw by CF to home Ian Happ to second
|
|
Batting: LHB Conner Capel
|
0-0: Ball 1-0: Ground out 1-3 (Groundball, 13S, EV 62.5 MPH)
|
| Bottom of the 5th over - 1 run, 2 hits, 0 errors, 1 left on base; Philadelphia 0 - Chicago 6 |
| TOP OF THE 6TH |
|
Philadelphia Phillies batting - Pitching for Chicago Cubs : LHP Brooks Raley
|
|
Pitching: RHP Andres Muñoz
|
|
|
Now at 2B: Francisco Urbaez
|
|
|
Now in CF: Yonathan Daza
|
|
|
Now in RF: Dylan Moore
|
|
|
Batting: LHB Lewin Díaz
|
0-0: Ball 1-0: Ball 2-0: Ball 3-0: Called Strike 3-1: Foul Ball, location: 3F 3-2: Strikes out swinging
|
|
Pinch Hitting: LHB Nick Maton
|
0-0: Ball 1-0: Swinging Strike 1-1: Called Strike 1-2: Strikes out swinging
|
|
Pinch Hitting: SHB Ehire Adrianza
|
0-0: Ground out 6-3 (Groundball, 6, EV 109.4 MPH)
|
| Top of the 6th over - 0 runs, 0 hits, 0 errors, 0 left on base; Philadelphia 0 - Chicago 6 |
| BOTTOM OF THE 6TH |
|
Chicago Cubs batting - Pitching for Philadelphia Phillies : RHP Josh Winckowski
|
|
Pitching: RHP Pedro Avila
|
|
|
Now at C: Adrian Del Castillo
|
|
|
Now at 1B: Garrett Cooper
|
|
|
Now at 2B: Ehire Adrianza
|
|
|
Now at 3B: Nick Maton
|
|
|
Now in CF: Avisail Garcia
|
|
|
Now in RF: Oscar Gonzalez
|
|
|
Pinch Hitting: LHB Matt Mervis
|
0-0: Called Strike 0-1: Ball 1-1: SINGLE (Line Drive, 89M, EV 90.0 MPH)
|
|
Batting: RHB Danny Mendick
|
0-0: Foul Ball, location: 2F 0-1: Ball 1-1: Ball 2-1: Ball 3-1: Base on Balls Matt Mervis to second
|
|
Batting: RHB Brian Serven
|
0-0: SINGLE (Line Drive, 78S, EV 102.5 MPH) Matt Mervis to third Danny Mendick to second
|
|
Batting: RHB Yonathan Daza
|
0-0: Ball 1-0: Ball 2-0: Foul Ball, location: 3SF 2-1: Swinging Strike 2-2: SINGLE (Groundball, 34D, EV 106.3 MPH) (infield hit) Matt Mervis scores Danny Mendick to third Brian Serven to second
|
|
Batting: RHB Francisco Urbaez
|
0-0: Ball 1-0: Foul Ball, location: 2F 1-1: Swinging Strike 1-2: Foul Ball, location: 2F 1-2: Fly out, F6 (Line Drive, 6, EV 71.9 MPH) Lined into DP, 6-3 (Line Drive, 6, EV 71.9 MPH)
|
|
Batting: RHB Ty France
|
0-0: Foul Ball, location: 2LF 0-1: DOUBLE (Line Drive, 89XD, EV 88.1 MPH) Danny Mendick scores Brian Serven scores
|
|
Batting: RHB Dylan Moore
|
0-0: Foul Ball, location: 25F 0-1: Ball 1-1: Ground out 4-3 (Groundball, 4D, EV 106.9 MPH)
|
| Bottom of the 6th over - 3 runs, 4 hits, 0 errors, 1 left on base; Philadelphia 0 - Chicago 9 |
| TOP OF THE 7TH |
|
Philadelphia Phillies batting - Pitching for Chicago Cubs : RHP Andres Muñoz
|
|
Pitching: RHP Kai-Wei Teng
|
|
|
Now at 1B: Matt Mervis
|
|
|
Now at 3B: Dylan Moore
|
|
|
Now in RF: Ian Happ
|
|
|
Batting: RHB Garrett Cooper
|
0-0: SOLO HOME RUN (Flyball, 78XD, EV 101.9 MPH), Distance : 399 ft
|
|
Batting: RHB Avisail Garcia
|
0-0: Ball 1-0: Swinging Strike 1-1: Swinging Strike 1-2: Strikes out looking
|
|
Batting: RHB Oscar Gonzalez
|
0-0: SINGLE (Line Drive, 8RS, EV 90.0 MPH)
|
|
Batting: RHB Brandon Drury
|
0-0: Ball 1-0: Foul Ball, location: 9LDF 1-1: Called Strike 1-2: Hit by Pitch Oscar Gonzalez to second
|
|
Batting: RHB Tyler Fitzgerald
|
0-0: Ball 1-0: Called Strike 1-1: Swinging Strike 1-2: Strikes out swinging
|
|
Pitching: LHP Victor González
|
|
|
Batting: LHB Adrian Del Castillo
|
0-0: Ball 1-0: Swinging Strike 1-1: Swinging Strike 1-2: Foul Ball, location: 5SF 1-2: Strikes out swinging
|
| Top of the 7th over - 1 run, 2 hits, 0 errors, 2 left on base; Philadelphia 1 - Chicago 9 |
| BOTTOM OF THE 7TH |
|
Chicago Cubs batting - Pitching for Philadelphia Phillies : RHP Pedro Avila
|
|
Pinch Hitting: LHB Josh Naylor
|
0-0: Ball 1-0: Called Strike 1-1: Swinging Strike 1-2: Ground out 4-3 (Groundball, 34, EV 105.0 MPH)
|
|
Batting: LHB Conner Capel
|
0-0: Ball 1-0: Ball 2-0: Called Strike 2-1: Ground out 1-3 (Groundball, 15S, EV 68.1 MPH)
|
|
Batting: LHB Matt Mervis
|
0-0: Swinging Strike 0-1: Ball 1-1: Hit by Pitch
|
|
Pitching: RHP Kohl Franklin
|
|
|
Batting: RHB Danny Mendick
|
0-0: Called Strike 0-1: Ball 1-1: Ball 2-1: Ball 3-1: Base on Balls Matt Mervis to second
|
|
Batting: RHB Brian Serven
|
0-0: Ball 1-0: Called Strike 1-1: Foul Ball, location: 9LSF 1-2: Ball 2-2: Foul Ball, location: 2F 2-2: Ground out 1-3 (Groundball, 15S, EV 69.4 MPH)
|
| Bottom of the 7th over - 0 runs, 0 hits, 0 errors, 2 left on base; Philadelphia 1 - Chicago 9 |
| TOP OF THE 8TH |
|
Philadelphia Phillies batting - Pitching for Chicago Cubs : LHP Victor González
|
|
Pitching: LHP Genesis Cabrera
|
|
|
Now in RF: Josh Naylor
|
|
|
Batting: LHB Lewin Díaz
|
0-0: Ball 1-0: Foul Ball, location: 3F 1-1: Ball 2-1: Foul Ball, location: 2F 2-2: Foul Ball, location: 7LDF 2-2: Ground out 1-3 (Groundball, P, EV 70.0 MPH)
|
|
Batting: LHB Nick Maton
|
0-0: Ball 1-0: Foul Ball, location: 7LDF 1-1: Ball 2-1: Swinging Strike 2-2: Strikes out swinging
|
|
Batting: SHB Ehire Adrianza
|
0-0: Fly out, F8 (Flyball, 89M, EV 89.4 MPH)
|
| Top of the 8th over - 0 runs, 0 hits, 0 errors, 0 left on base; Philadelphia 1 - Chicago 9 |
| BOTTOM OF THE 8TH |
|
Chicago Cubs batting - Pitching for Philadelphia Phillies : RHP Kohl Franklin
|
|
Pitching: LHP Angel Zerpa
|
|
|
Batting: RHB Yonathan Daza
|
0-0: Swinging Strike 0-1: Ball 1-1: Ball 2-1: Foul Ball, location: 3F 2-2: Strikes out swinging
|
|
Batting: RHB Francisco Urbaez
|
0-0: Called Strike 0-1: Called Strike 0-2: Strikes out looking
|
|
Batting: RHB Dairon Blanco
|
0-0: Called Strike 0-1: Ball 1-1: Called Strike 1-2: Ball 2-2: Ball 3-2: Ground out 4-3 (Groundball, 34, EV 81.9 MPH)
|
| Bottom of the 8th over - 0 runs, 0 hits, 0 errors, 0 left on base; Philadelphia 1 - Chicago 9 |
| TOP OF THE 9TH |
|
Philadelphia Phillies batting - Pitching for Chicago Cubs : LHP Genesis Cabrera
|
|
Pitching: RHP Luke Jackson
|
|
|
Batting: RHB Garrett Cooper
|
0-0: Called Strike 0-1: DOUBLE (Flyball, 8LXD, EV 89.4 MPH)
|
|
Batting: RHB Avisail Garcia
|
0-0: Ball 1-0: Ball 2-0: Ball 3-0: Base on Balls
|
|
Batting: RHB Oscar Gonzalez
|
0-0: Ball 1-0: Foul Ball, location: 9LMF 1-1: Ball 2-1: Grounds into double play, 6-4-3 (Groundball, 6, EV 83.1 MPH) Garrett Cooper to third
|
|
Pinch Hitting: LHB Dustin Harris
|
0-0: Swinging Strike 0-1: Foul Ball, location: 2F 0-2: Strikes out swinging
|
| Top of the 9th over - 0 runs, 1 hit, 0 errors, 1 left on base; Philadelphia 1 - Chicago 9 |
|